AoeStats
← NTM.daniel.echeverri3

Arena

510510851Analyzed
1v1 RM · 2d ago on Oct 1, 2026· 28m 10s· 2 players
Game mode
Random Map
Map size
Tiny (2 player)
Population
200
Speed
Normal
Resources
Standard
Victory
Conquest
Starting age
Dark Age
Ending age
Imperial Age
RankedLock teamsTeams togetherTeam positionsShared explorationLock speedFull tech treeHidden civsTurbo modeCheats
Victory
Defeat
🇹🇷 Spanish · Türkiye
1109
+16
🇨🇴 Bengalis · Colombia
1105
-16
NTM.daniel.echeverri3
10:43 Feudal Age
12:45 Loom
15:04 Castle Age
14:11 Double-Bit Axe
18:22 Sanctity
18:04 Devotion
22:06 Redemption
25:17 Fletching
Rhii
11:33 Feudal Age
15:16 Castle Age
13:24 Double-Bit Axe
13:21 Horse Collar
14:05 Loom
16:21 Padded Archer Armor
17:44 Gold Mining
Connection lost

Rejoining the realm…

Still unreachable

The connection could not be restored.

Session expired

The server has moved on; the page needs a fresh start.